 Dungeon Crawl Stone Soup version 0.32-a0-986-ga09f62fbf4 (webtiles) character file.

Game seed: 10174347294590727227

53 garrulousMonolith the Shield-Bearer (level 3, -1/33 HPs)
             Began as a Minotaur Fighter on Apr 22, 2024.
             Slain by a goblin
             ... wielding a +0 club
             ... led by Robin
              (5 damage)
             ... on level 2 of the Dungeon.
             The game lasted 00:00:58 (836 turns).

garrulousMonolith the Shield-Bearer (MiFi)           Turns: 836, Time: 00:00:59

Health: -1/33      AC:  7    Str: 20    XL:     3   Next: 64%
Magic:  2/2        EV:  8    Int:  5    God:
Gold:   44         SH:  4    Dex: 11    Spells: 2/2 levels left

rFire   . . .        a - +1 war axe
rCold   . . .        c - +0 buckler
rNeg    . . .        b - +0 scale mail
rPois   .            (helmet restricted)
rElec   .            (no cloak)
rCorr   .            (no gloves)
SInv    .            (no boots)
Will    .....        (no amulet) Stlth
                     (no ring)
HPRegen 0.25/turn    (no ring)
MPRegen 0.08/turn

%: no passive effects
@: mighty, lethally poisoned (-1 -> -6)
A: horns 2, retaliatory headbutt
a: no special abilities


You were on level 2 of the Dungeon.
You visited 1 branch of the dungeon, and saw 2 of its levels.

You collected 44 gold pieces.

Inventory:

Hand Weapons
 a - a +1 war axe (weapon)
Armour
 b - a +0 scale mail (worn)
 c - a +0 buckler (worn)
Scrolls
 f - a scroll of enchant weapon
 g - a scroll of teleportation {unknown}
 h - a scroll of immolation {unknown}
 i - a scroll of identify {unknown}


   Skills:
 + Level 4.0 Fighting
 * Level 3.5 Axes
 + Level 4.0 Armour
 + Level 1.1 Dodging
 + Level 4.0 Shields


You had 2 spell levels left.
You didn't know any spells.
Your spell library contained the following spells:

 Spells                   Type           Power      Damage    Failure   Level
 Apportation              Tloc           0%         N/A       88%         1
 Necrotise                Necr           0%         1d4       88%         1
 Sting                    Conj/Alch      0%         1d3       88%         1
 Summon Small Mammal      Summ           0%         N/A       88%         1


Dungeon Overview and Level Annotations

Branches:
Dungeon (2/15)

Altars:

Shops:
D:1 *


Innate Abilities, Weirdness & Mutations

You have a pair of horns on your head.
You reflexively headbutt those who attack you in melee.


Message History

You hear a shout!
The hobgoblin no longer looks unusually strong.
You slash the goblin!
You kill the goblin!
The goblin no longer looks unusually strong.
You block the goblin's attack.
Robin hits you from afar with a +2 spear of venom.
You are poisoned.
Items here: )))) ††.
You closely miss the goblin.
You feel very sick. The goblin completely misses you.
A goblin comes into view. It is wielding a +0 club.
Robin throws the goblin at you! You block the goblin's attack.
Robin hits you from afar with a +2 spear of venom.
You are lethally poisoned!
You feel very sick.
You slash Robin! Your headbutt misses Robin.
Robin is almost dead.
You slash the goblin!
You kill the goblin!
* * * LOW HITPOINT WARNING * * *
You feel very sick. You block Robin's attack.
Your Fighting skill increases to level 4!
It was a potion of haste.
You feel yourself speed up.
* * * LOW HITPOINT WARNING * * *
You feel sick. Robin misses you. You furiously retaliate!
You headbutt Robin.
You kill Robin!
Your Armour skill increases to level 4!
It was a potion of cancellation.
Your magical effects are unravelling.
You feel magically purged.
You feel yourself slow down.
* * * LOW HITPOINT WARNING * * *
You feel sick.
You feel very mighty all of a sudden.
* * * LOW HITPOINT WARNING * * *
You feel sick. The goblin hits you with a +0 club.
You die...

..(....†.....#
##.####....###
#.#.##
#.#.########.#
#.#..........#
#......)####
#######.# #)#
#@# #g# .g.
...#. .####.#
#. # . .


You could see a hobgoblin and a goblin (strong).

Vanquished Creatures
  Robin (D:2)
  An adder (D:2)
  2 dart slugs (D:1)
  4 endoplasms
  11 goblins
  A hobgoblin (D:1)
  A quokka (D:1)
  A ball python (D:1)
  A frilled lizard (D:1)
  2 kobolds (D:1)
  2 rats (D:1)
27 creatures vanquished.

Notes
Turn   | Place    | Note
-------+----------+-------------------------------------------
     0 | D:1      | garrulousMonolith the Minotaur Fighter began the quest for
                  | the Orb.
     0 | D:1      | Reached XP level 1. HP: 19/19 MP: 0/0
   169 | D:1      | Found Naneclaist's Assorted Antiques.
   208 | D:1      | Reached XP level 2. HP: 25/27 MP: 1/1
   806 | D:2      | Reached skill level 1 in Dodging
   806 | D:2      | Reached XP level 3. HP: 33/33 MP: 2/2
   816 | D:2      | Noticed Robin
   834 | D:2      | Killed Robin
   836 | D:2      | Slain by a goblin

Illustrated notes

Levels and vault maps discovered:
D:1:      shiori_arrival_elements, layout_loops_ring, serial_shops, shop,
          st_stairs_9, minmay_misc_feat_cross
D:2:      layout_loops_ring, kennysheep_cross_bottleneck, moated_statue,
          kennysheep_nub, uniq_terence, uniq_robin

Skill      XL: |  1  2  3 |
---------------+----------+-----
Axes           | 3 |  3.5
Dodging        | 1 |  1.1
Shields        | 4 |  4.0
Fighting       | 4 |  4.0
Armour         | 4 |  4.0

Action                     || total
---------------------------++-------
  Melee: War axe           ||    53
         Headbutt          ||     5
    Use: Scroll            ||     1
         Potion            ||     3
 Armour: Scale mail        ||    40
  Dodge: Dodged            ||    24
  Block: Buckler           ||    20

Table legend: (Time is in decaauts)
 A = Elapsed time spent in this place.
 B = Non-inter-level travel time spent in this place.
 C = Inter-level travel time spent in this place.
 D = Time resting spent in this place.
 E = Time spent auto-exploring this place.
 F = Levels seen in this place.
 G = Mean time per level.
                   A        B        C        D        E       F      G
               +--------+--------+--------+--------+--------+-----+--------+
         Total |    855 |    792 |     63 |      0 |    645 |   2 |  427.5 |
       Dungeon |    855 |    792 |     63 |      0 |    645 |   2 |  427.5 |
               +--------+--------+--------+--------+--------+-----+--------+

Top non-repeatable levels by time:
     D:1: 805 daAuts
     D:2: 49 daAuts
